 Dungeon Crawl Stone Soup version 0.23-a0-143-g1adec7b (webtiles) character file.

5660 Amnesiac the Frost Mage (level 10, -3/63 HPs)
             Began as a Mummy Ice Elementalist on Sept 5, 2018.
             Was a Believer of Vehumet.
             Slain by a basilisk (10 damage)
             ... on level 9 of the Dungeon.
             The game lasted 00:14:15 (10741 turns).

Amnesiac the Frost Mage (Mummy Ice Elementalist)   Turns: 10741, Time: 00:14:16

Health: -3/63      AC:  4    Str: 12    XL:     10   Next: 46%
Magic:  5/22       EV:  2    Int: 20    God:    Vehumet [**....]
Gold:   569        SH:  0    Dex: 12    Spells: 10/25 levels left

rFire    x . .     SeeInvis +   a - +1 dagger of Kytzeib {pierce, rC+ Int+2}
rCold    + + .     Gourm    .   r - +0 buckler
rNeg     + + +     Faith    .   e - +0 robe
rPois    ∞         Spirit   .   (no helmet)
rElec    .         Reflect  .   (no cloak)
rCorr    .         Harm     +   n - +0 pair of gloves
MR       +....                  (no boots)
Stlth    ++........             i - amulet of harm
HPRegen  0.20/turn              g - +1 ring of protection
MPRegen  0.18/turn              c - ring of see invisible

@: petrified
A: no food or potions, fire vulnerability, cold resistance 1, negative energy
resistance 3, torment resistance, unbreathing
a: Renounce Religion


You were on level 9 of the Dungeon.
You worshipped Vehumet.
Vehumet was pleased with you.
You were not hungry.

You visited 2 branches of the dungeon, and saw 10 of its levels.

You collected 569 gold pieces.

Inventory:

Hand Weapons
 a - the +1 dagger of Kytzeib (weapon) {pierce, rC+ Int+2}
   (You found it on level 4 of the Dungeon)

   It inflicts extra damage upon your enemies.
   It affects your intelligence (+2).
   It protects you from cold.
 w - a +0 blowgun
Missiles
 v - 35 poisoned needles
Armour
 e - a +0 robe (worn)
 n - a +0 pair of gloves (worn)
 r - a +0 buckler (worn)
Magical Staves
 b - an uncursed staff of fire
 p - an uncursed staff of wizardry
Jewellery
 c - a ring of see invisible (right hand)
 g - a +1 ring of protection (left hand)
 i - an amulet of harm (around neck)
 t - a +5 ring of strength
Wands
 q - a wand of disintegration (2)
 x - a wand of random effects (29)
Scrolls
 d - a scroll of magic mapping {!r}
 f - a scroll of teleportation {!r}
 h - a scroll of fear {!r}
 j - 2 scrolls of amnesia {!r}
 k - 6 scrolls of identify {!r}
 l - 2 scrolls of fog {!r}
 m - 2 scrolls of remove curse {!r}
 o - 2 scrolls of enchant weapon {!r}
 s - 3 scrolls of blinking {!r}
 u - a scroll of summoning {!r}


   Skills:
 + Level 3.0 Dodging
 - Level 1.5 Stealth
 - Level 4.0 Shields
 + Level 8.0 Spellcasting
 * Level 8.0 Conjurations
 * Level 8.1 Ice Magic


You had 10 spell levels left.
You knew the following spells:

 Your Spells              Type           Power        Failure   Level  Hunger
a - Throw Icicle          Conj/Ice       #####...     3%          4    N/A
b - Summon Ice Beast      Ice/Summ       ###.....     16%         4    N/A
d - Freeze                Ice            ####         1%          1    N/A
s - Conjure Flame         Conj/Fire      ###.....     4%          3    N/A
z - Ozocubu's Armour      Chrm/Ice       ###.....     4%          3    N/A

Your spell library contained the following spells:

 Spells                   Type           Power        Failure   Level  Hunger
 Searing Ray              Conj           #####.       1%          2    N/A
 Flame Tongue             Conj/Fire      ###..        1%          1    N/A
 Throw Frost              Conj/Ice       #####.       1%          2    N/A
 Throw Flame              Conj/Fire      ###...       2%          2    N/A
 Corona                   Hex            #......      9%          1    N/A
 Slow                     Hex            #.......     13%         2    N/A
 Sticky Flame             Conj/Fire      ###.....     16%         4    N/A
 Inner Flame              Hex/Fire       #.......     26%         3    N/A
 Portal Projectile        Hex/Tloc       #.....       26%         3    N/A
 Fireball                 Conj/Fire      ###.......   41%         5    N/A
 Cause Fear               Hex            #.........   63%         4    N/A
 Leda's Liquefaction      Hex/Erth       #.........   63%         4    N/A
 Silence                  Hex/Air        #.........   93%         5    N/A
 Yara's Violent Unravell  Hex/Tmut       #.........   93%         5    N/A
 Deflect Missiles         Chrm/Air       #.........   100%        6    N/A
 Discord                  Hex            #.........   100%        8    N/A

Dungeon Overview and Level Annotations

Branches:
Dungeon (9/15)             Temple (1/1) D:6            Lair (0/6) D:9
    Orc: D:9-12

Altars:
Ashenzari
Cheibriados
Dithmenos
Elyvilon
Fedhas
Gozag
Hepliaklqana
Kikubaaqudgha
Makhleb
Nemelex Xobeh
Okawaru
Qazlal
Ru
Trog
Uskayaw
Vehumet
Wu Jian
Xom
Yredelemnul
Zin
The Shining One

Shops:
D:4 (


Innate Abilities, Weirdness & Mutations

You do not eat or drink.
Your flesh is vulnerable to fire.
You are immune to poison.
Your flesh is cold resistant. (rC+)
You are immune to negative energy. (rN+++)
You are immune to unholy pain and torment.
You can survive without breathing.


Message History

Casting: Freeze (safe; 1% risk of failure)
Confirm with . or Enter, or press ? or * to list all spells.
Aiming: Throw Icicle (safe; 3% risk of failure)
Press: ? - help, Shift-Dir - straight line, f - orc
Aim: an orc, wielding a flail The shard of ice hits the orc.
You kill the orc!
Vehumet accepts your kill.
Vehumet offers you knowledge of Searing Ray.
You see here an adder corpse.
You start resting.
The basilisk is too close now for your liking.
Casting: Throw Icicle (safe; 3% risk of failure)
Confirm with . or Enter, or press ? or * to list all spells.
Aiming: Freeze (safe; 1% risk of failure)
Press: ? - help, Shift-Dir - straight line, f - basilisk
Aim: a basilisk (fast)
You freeze the basilisk.
The basilisk is moderately wounded.
The basilisk gazes at you.
You are slowing down.
Unknown command.
Unknown command.
Casting: Freeze (safe; 1% risk of failure)
Confirm with . or Enter, or press ? or * to list all spells.
Aiming: Freeze (safe; 1% risk of failure)
Press: ? - help, Shift-Dir - straight line, f/p - basilisk
Aim: a basilisk (moderately wounded, fast)
You freeze the basilisk.
The basilisk seems to slow down.
The basilisk is heavily wounded.
The basilisk gazes at you.
You easily resist.
The basilisk bites you!
* * * LOW HITPOINT WARNING * * *
Your limbs are stiffening.
Unknown command.
Casting: Freeze (safe; 1% risk of failure)
Confirm with . or Enter, or press ? or * to list all spells.
Aiming: Freeze (safe; 1% risk of failure)
Press: ? - help, Shift-Dir - straight line, f/p - basilisk
Aim: a basilisk (heavily wounded, fast+slow)
You freeze the basilisk.
The basilisk seems to slow down.
The basilisk is heavily wounded.
The basilisk barely misses you.
You have turned to stone.
The basilisk bites you.
* * * LOW HITPOINT WARNING * * *
The basilisk bites you.
* * * LOW HITPOINT WARNING * * *
The basilisk bites you!
* * * LOW HITPOINT WARNING * * *
The basilisk bites you!
* * * LOW HITPOINT WARNING * * *
The basilisk gazes at you.
You easily resist.
The basilisk is no longer moving slowly.
The basilisk gazes at you.
You easily resist.
The basilisk gazes at you.
You easily resist.
The basilisk gazes at you. The basilisk gazes at you.
You easily resist.
The basilisk gazes at you.
You easily resist.
The basilisk bites you!
You die...

#...........# ......#..
#...........###### ........#
............. .... ........#
..<.>........ .... ......#
....†..###### #..# #....###
.......# #..# #....... .......#
#..# #.l..... .......# #..#
#....... .......# #.@# #.......
.......### #.l# #.......
.........## #).# #.).....
....♣.....## #†.# #.......
.P.........####..#########(......
.PP.....P................(.......
..♣......................(.......
...♣........###..####..#####..###
....>.P...P.# #..# #..# #..#


You could see a basilisk.

Vanquished Creatures
  A two-headed ogre (D:8)
  Pikel (D:6)
  2 hornets (D:8)
  Sigmund (D:5)
  A wyvern (D:9)
  Eustachio (D:4)
  A hungry ghost (D:7)
  A water moccasin (D:5)
  A soldier ant (D:8)
  A porcupine (D:9)
  4 sky beasts
  An ice beast (D:7)
  4 slaves (D:6)
  2 black bears
  3 orc warriors
  A wolf (D:9)
  4 ogres
  3 centaurs
  4 crocodiles (D:9)
  2 bullfrogs
  A gnoll sergeant (D:7)
  2 scorpions
  2 crimson imps
  A bullfrog zombie (D:8)
  2 bullfrog skeletons
  3 jellies
  A centaur skeleton (D:7)
  An orc priest (D:5)
  6 hounds
  4 orc wizards
  2 iguanas (D:9)
  6 worker ants
  A hound zombie (D:5)
  2 worker ant zombies (D:5)
  3 gnolls (D:7)
  A howler monkey zombie (D:5)
  15 adders
  An ooze (D:7)
  2 adder skeletons
  3 worms
  2 dart slugs (D:2)
  4 leopard geckos
  17 orcs
  4 bats (D:2)
  5 giant cockroaches
  6 goblins
  7 hobgoblins
  14 jackals
  6 quokkas
  2 ball pythons
  3 frilled lizards (D:1)
  5 kobolds
  A leopard gecko zombie (D:5)
  A quokka skeleton (D:8)
  7 rats
182 creatures vanquished.

Vanquished Creatures (others)
  2 fungi (D:9)
  A plant (D:9)
3 creatures vanquished.

Grand Total: 185 creatures vanquished

Notes
Turn   | Place    | Note
-------+----------+-------------------------------------------
     0 | D:1      | Amnesiac the Mummy Ice Elementalist began the quest for the
                  | Orb.
     0 | D:1      | Reached XP level 1. HP: 13/13 MP: 4/4
   240 | D:3      | Reached XP level 2. HP: 15/19 MP: 2/5
   821 | D:3      | Reached XP level 3. HP: 24/24 MP: 4/7
   830 | D:3      | Learned a level 3 spell: Ozocubu's Armour
  1189 | D:4      | Reached XP level 4. HP: 30/30 MP: 0/9
  1210 | D:4      | Learned a level 4 spell: Summon Ice Beast
  1381 | D:4      | Noticed an ogre
  1417 | D:4      | Killed an ogre
  1417 | D:4      | Reached XP level 5. HP: 35/35 MP: 1/11
  1553 | D:4      | Learned a level 4 spell: Throw Icicle
  1786 | D:4      | Found Ivoeseap's Weapon Emporium.
  1976 | D:4      | Found an opulent altar of Gozag.
  1983 | D:4      | Reached XP level 6. HP: 28/41 MP: 10/13
  2036 | D:4      | Got a transparent dagger
  2074 | D:4      | Noticed Eustachio
  2090 | D:4      | Killed Eustachio
  2090 | D:4      | Reached skill level 5 in Spellcasting
  2090 | D:4      | Reached skill level 5 in Ice Magic
  2200 | D:5      | Entered Level 5 of the Dungeon
  2206 | D:5      | Identified the cursed +1 dagger of Kytzeib {pierce, rC+
                  | Int+2} (You found it on level 4 of the Dungeon)
  2605 | D:5      | Found an ornate altar of the Wu Jian Council.
  2690 | D:5      | Noticed Sigmund
  2705 | D:5      | Killed Sigmund
  2705 | D:5      | Reached XP level 7. HP: 10/46 MP: 3/15
  3555 | D:5      | Reached XP level 8. HP: 44/52 MP: 9/18
  3978 | D:6      | Reached skill level 1 in Conjurations
  4282 | D:6      | Found a burning altar of Makhleb.
  4352 | D:6      | Found a staircase to the Ecumenical Temple.
  4449 | Temple   | Entered the Ecumenical Temple
  4823 | D:6      | Noticed Pikel
  5213 | D:6      | Killed Pikel
  5213 | D:6      | Reached skill level 5 in Conjurations
  5213 | D:6      | Reached XP level 9. HP: 12/57 MP: 0/19
  6134 | D:2      | Found a radiant altar of Vehumet.
  6137 | D:2      | Found an ancient bone altar of Kikubaaqudgha.
  6137 | D:2      | Found a shattered altar of Ashenzari.
  6139 | D:2      | Became a worshipper of Vehumet
  7083 | D:3      | Found a blossoming altar of Fedhas.
  7297 | D:3      | Reached * piety under Vehumet
  7297 | D:3      | Offered knowledge of Shock by Vehumet.
  7736 | D:7      | Reached skill level 1 in Shields
  7951 | D:7      | Learned a level 3 spell: Conjure Flame
  8681 | D:8      | Reached ** piety under Vehumet
  8826 | D:8      | Offered knowledge of Sting by Vehumet.
  8857 | D:8      | Found a sacrificial altar of Ru.
  9045 | D:8      | Noticed a two-headed ogre
  9322 | D:8      | Found an iron altar of Okawaru.
  9616 | D:8      | Reached XP level 10. HP: 40/63 MP: 6/21
 10039 | D:8      | Killed a two-headed ogre
 10333 | D:9      | Found a staircase to the Lair.
 10712 | D:9      | Offered knowledge of Searing Ray by Vehumet.
 10741 | D:9      | Slain by a basilisk

Vault maps used:
D:1:      minmay_arrival_solitary_statue
D:2:      gammafunk_temple_overflow_forgotten
D:3:      wad_crossroads, fedhas_altar_1
D:4:      nicolae_gozag_seed_capital, first_ration, serial_shops, shop_coins,
          uniq_eustachio
D:5:      old_standard_altar, wad_floor_pattern_2, hangedman_decor_peaks_small,
          uniq_sigmund
D:6:      kennysheep_little_box, minmay_temple_entry_glassed_door, uniq_pikel
D:7:      kb_forest_paths
D:8:      okawaru_gym_becter, hangedman_ru_absence, hangedman_pestilent_swarm
D:9:      old_standard_altar, minmay_lair_entry_grove, guppyfry_shop_venom
Temple:   nicolae_temple_hex_pool

Skill      XL: |  1  2  3  4  5  6  7  8  9 10 |
---------------+-------------------------------+-----
Ice Magic      | 3 4 6 7 8 |  8.1
Spellcasting   | 3 4 5 6 7 8 |  8.0
Conjurations   | 5 7 8 |  8.0
Shields        | 4 |  4.0
Dodging        | 2 3 |  3.0
Stealth        | |  1.5

Action                   |  1- 3 |  4- 6 |  7- 9 | 10-12 || total
-------------------------+-------+-------+-------+-------++-------
Melee: Flail             |       |    10 |       |       ||    10
       Dagger            |       |    38 |    97 |     1 ||   136
       Staff             |       |       |     3 |       ||     3
 Cast: Freeze            |    49 |    50 |   169 |    30 ||   298
       Ozocubu's Armour  |     1 |     5 |     7 |     1 ||    14
       Summon Ice Beast  |       |     1 |       |       ||     1
       Throw Icicle      |       |       |    66 |    25 ||    91
       Conjure Flame     |       |       |     1 |       ||     1
Evoke: Wand              |       |       |       |     2 ||     2
  Use: Scroll            |       |     7 |     7 |     1 ||    15
 Stab: Sleeping          |       |       |     1 |       ||     1
Armor: Robe              |     8 |    18 |    61 |     6 ||    93
Dodge: Dodged            |    19 |    51 |   121 |    14 ||   205
Block: Buckler           |       |       |    22 |     1 ||    23

Table legend:
 A = Non-vault XP
 B = Vault XP
 C = Vault XP percentage of total XP
 D = Non-vault monster count
 E = Vault monster count
 F = Vault count percentage of total count
                 A         B        C        D         E       F
            +---------+---------+-------+---------+---------+-------
      Total |    4595 |    3491 |  43.2 |     152 |      26 |  14.6
            +---------+---------+-------+---------+---------+-------
        D:1 |      19 |       0 |   0.0 |      12 |       0 |   0.0
        D:2 |      38 |       0 |   0.0 |      13 |       0 |   0.0
        D:3 |     134 |      33 |  19.8 |      29 |       4 |  12.1
        D:4 |     301 |     191 |  38.8 |      14 |       1 |   6.7
        D:5 |     770 |     220 |  22.2 |      20 |       1 |   4.8
        D:6 |     482 |     706 |  59.4 |      13 |       1 |   7.1
        D:7 |     726 |     638 |  46.8 |      19 |       5 |  20.8
        D:8 |    1458 |     743 |  33.8 |      21 |       4 |  16.0
        D:9 |     667 |     960 |  59.0 |      11 |      10 |  47.6
            +---------+---------+-------+---------+---------+-------
